 Dungeon Crawl Stone Soup version 0.25-a0-190-g27fffb8c76 (webtiles) character file.

Game seed: 1791221247197211067, levelgen mode: deterministic

89317 MirrMurr the Carver (level 15, -6/121 HPs)
             Began as a Demonspawn Berserker on Nov 30, 2019.
             Was a High Priest of Trog.
             Killed by divine providence
             ... invoked by an orc high priest
              (13 damage)
             ... on level 2 of the Orcish Mines.
             The game lasted 01:02:49 (24615 turns).

MirrMurr the Carver (Demonspawn Berserker)         Turns: 24615, Time: 01:02:49

Health: -6/121     AC: -5    Str: 27    XL:     15   Next: 49%
Magic:  15/15      EV: 15    Int:  9    God:    Trog [*****.]
Gold:   1367       SH: 19    Dex: 19    Spells: 14/14 levels left

rFire    . . .     SeeInvis .   a - +8 demon blade "Leech" {vamp, rN+ AC-3 EV-3}
rCold    . . .     Gourm    .   C - +0 large shield
rNeg     + + .     Faith    .   G - +0 plate armour
rPois    .         Spirit   .   f - +2 helmet
rElec    .         Reflect  .   (no cloak)
rCorr    .         Harm     .   t - +2 pair of gloves
MR       +++..                  M - +2 pair of boots
Stlth    ..........             (no amulet)
HPRegen  1.30/turn              y - ring of positive energy
MPRegen  0.14/turn              B - +1 ring of evasion

@: mighty, agile, lethally poisoned (-6 -> -6), corroded, regenerating
A: hooves 2, iridescent scales 2, foul stench 1, powered by pain 1, rot immunity
a: Berserk, Trog's Hand, Brothers in Arms, Renounce Religion


You were on level 2 of the Orcish Mines.
You worshipped Trog.
Trog was extremely pleased with you.
You were very hungry.

You visited 4 branches of the dungeon, and saw 24 of its levels.
You also visited: Ossuary.

You collected 1608 gold pieces.
You spent 241 gold pieces at shops.

Inventory:

Hand Weapons
 a - the +8 demon blade "Leech" (weapon) {vamp, rN+ AC-3 EV-3}
   (You found it on level 4 of the Dungeon)

   It inflicts no extra harm, but heals its wielder when it wounds a living foe.
   It affects your AC (-3).
   It affects your evasion (-3).
   It protects you from negative energy.
 b - a +1 fustibalus
 w - a +1 scimitar of flaming
Missiles
 e - 492 stones (quivered)
 o - 150 sling bullets
 E - 46 poisoned darts
 O - 6 javelins
 R - 3 throwing nets
Armour
 f - a +2 helmet (worn)
 t - a +2 pair of gloves (worn)
 C - a +0 large shield (worn)
 G - a +0 plate armour (worn)
 K - a scarf of resistance
 M - a +2 pair of boots (worn)
Jewellery
 y - a ring of positive energy (left hand)
 B - a +1 ring of evasion (right hand)
 F - an uncursed ring of see invisible
Wands
 g - a wand of digging (12)
 q - a wand of acid (24)
 H - a wand of iceblast (7)
 I - a wand of clouds (4)
 Q - a wand of paralysis (10)
Scrolls
 h - 2 scrolls of enchant armour
 i - 8 scrolls of identify
 k - 6 scrolls of fog
 p - a scroll of blinking
 r - 7 scrolls of remove curse
 u - a scroll of fear
 v - 4 scrolls of teleportation
 z - 6 scrolls of magic mapping
 D - 3 scrolls of summoning
 J - a scroll of immolation
Potions
 d - 2 potions of flight
 l - 9 potions of curing
 m - 2 potions of resistance
 n - 4 potions of mutation
 s - 2 potions of cancellation
 x - 7 potions of might
 A - a potion of haste
 W - 2 potions of heal wounds
Miscellaneous
 S - a sack of spiders
Comestibles
 c - 40 rations
 j - 18 chunks of flesh


   Skills:
 * Level 12.2 Fighting
 - Level 14.0 Long Blades
   Level 3.9 Polearms
 + Level 3.2 Slings
 + Level 10.7 Armour
 + Level 10.8 Dodging
 + Level 10.4 Shields


You had 14 spell levels left.
You didn't know any spells.
Your spell library was empty.

Dungeon Overview and Level Annotations

Branches:
Dungeon (15/15)            Temple (1/1) D:4            Lair (6/6) D:11
  Swamp (0/4) Lair:3        Snake (0/4) Lair:4        Slime (0/5) Lair:5
    Orc (2/2) D:10            Elf (0/3) Orc:2        Vaults (0/5) D:13
 Depths (0/5) D:15        Ossuary (visited)

Altars:
Dithmenos
Elyvilon
Fedhas
Gozag
Kikubaaqudgha
Makhleb
Nemelex Xobeh
Okawaru
Qazlal
Ru
Trog
Uskayaw
Vehumet
Wu Jian
Xom
Zin
The Shining One

Shops:
D:4 %   D:5 [   D:8 =   D:13 }([   Orc:2 ?%

Annotations:
Lair:1 2 transporters, Kagalorn's ghost, journeyman GnAE
Lair:5 exclusion: 4 oklob plants


Innate Abilities, Weirdness & Mutations

You have hoof-like feet.
You are mostly covered in iridescent scales. (AC +4)
You may emit foul miasma when damaged in melee.
You sometimes gain a little power by taking damage.
You are immune to rotting.


Message History

You block the orc high priest's attack. The hellwing hits you!
* * * LOW HITPOINT WARNING * * *
You block the hellwing's attack.
You slice the orc high priest!!
You feel better.
The orc high priest is severely wounded.
The rust devil hits you!
* * * LOW HITPOINT WARNING * * *
The rust devil corrodes you! You block the orc warrior's attack.
The chaos spawn hits you!
* * * LOW HITPOINT WARNING * * *
The chaos spawn sears you!
* * * LOW HITPOINT WARNING * * *
You focus on the pain.
You feel agile all of a sudden.
You hit the orc high priest but do no damage.
The orc high priest is severely wounded.
You feel sick.
The orc high priest mumbles some strange prayers to Beogh against you.
Beogh smites you!
You die...

...^...####.## .........#...#
............# ............##
.......#.#....# ..........##..###
...#......#.....###
..............).4o## .
............รท..o@4.# ## ## ..
..........)#...##4.###.##.# ...
.......#.[..#.##.)...........#...
............###.))......#...#....
.........4.###...................
............###.##..#...#........
......{o##..# ####...#........#..
.......o.#### ##.###..........
.........4.## ##.####..........


You could see an orc high priest, a hellwing, a rust devil, a chaos spawn and an
orc warrior.

Vanquished Creatures
  Gastronok (Lair:2)
  Agnes (D:14)
  Kirke (D:13)
  2 entropy weavers (D:13)
  Azrael (Orc:2)
  A yaktaur captain (D:15)
  8 hydras
  6 centaur warriors
  8 two-headed ogres
  A queen ant (D:13)
  A tengu warrior (D:15)
  Urug (Lair:3)
  3 orc high priests (Orc:2)
  An iron troll (D:13)
  2 unseen horrors
  A necromancer (D:13)
  A lindwurm (D:13)
  3 orc knights
  Pikel (D:5)
  A wolf spider zombie (D:15)
  2 orc sorcerers (Orc:2)
  2 cyclopes (D:15)
  A manticore (D:12)
  A deep elf mage (D:13)
  17 ugly things
  14 elephants
  2 black mambas
  4 centaur skeletons (D:15)
  21 spiny frogs
  5 komodo dragons
  2 rime drakes (Lair:5)
  An efreet (D:14)
  A yaktaur (D:15)
  A kobold demonologist (D:14)
  A komodo dragon (shapeshifter) (D:14)
  7 trolls
  A tengu conjurer (D:15)
  4 hornets
  A jumping spider (shapeshifter) (D:13)
  3 tyrant leeches (Lair:6)
  A merfolk (D:9)
  17 blink frogs
  A bog body (Lair:3)
  A harpy skeleton (D:15)
  4 dream sheep (Lair:6)
  10 hippogriffs
  3 spriggans (Lair:2)
  3 wyverns
  A shadow (D:14)
  4 wraiths
  A vampire (D:11)
  2 humans (D:9)
  30 yaks
  4 basilisks
  3 fire elementals
  3 hogs (D:13)
  3 hungry ghosts
  10 vampire mosquitoes
  4 nagas (Lair:4)
  2 wargs
  9 soldier ants
  3 hell hounds (Orc:1)
  14 porcupines
  11 water moccasins
  14 orc warriors
  A hornet zombie (D:14)
  4 sky beasts
  A slave (D:5)
  2 phantoms
  5 ice beasts
  3 black bears
  A necrophage (D:11)
  2 eyes of draining
  8 ogres
  5 centaurs
  8 crocodiles
  7 big kobolds
  28 bullfrogs
  A gnoll sergeant (D:6)
  A water moccasin zombie (D:7)
  3 scorpions
  5 killer bees (D:10)
  3 wights (D:15)
  2 electric eels (Lair:6)
  7 crimson imps
  A quasit (D:9)
  5 centaur zombies
  3 jellies
  4 hounds
  4 bullfrog skeletons
  12 orc priests
  24 orc wizards
  5 iguanas
  25 worker ants
  A mummy (Ossuary)
  A hound skeleton (D:10)
  3 worker ant zombies
  9 adders
  4 gnolls (D:6)
  8 river rats (D:6)
  4 shadow imps
  3 adder skeletons
  An adder zombie (D:6)
  4 worms
  2 dart slugs
  52 orcs
  16 bats
  5 giant cockroaches
  14 goblins
  9 hobgoblins
  2 jackals (D:5)
  32 kobolds
  7 quokkas
  A ball python (D:4)
  2 frilled lizards (D:2)
  5 gnoll skeletons (Ossuary)
  9 kobold skeletons (Ossuary)
  11 orc skeletons (Ossuary)
  3 quokka skeletons
  24 rats
706 creatures vanquished.

Vanquished Creatures (others)
  An orc wizard (Orc:2)
  A worker ant (D:13)
  An orc (Orc:2)
  10 fungi
  42 plants
55 creatures vanquished.

Grand Total: 761 creatures vanquished

Notes
Turn   | Place    | Note
-------+----------+-------------------------------------------
     0 | D:1      | MirrMurr the Demonspawn Berserker began the quest for the
                  | Orb.
     0 | D:1      | Reached XP level 1. HP: 18/18 MP: 1/1
   320 | D:1      | Gained mutation: You are partially covered in iridescent
                  | scales. (AC +2) [demonic ancestry]
   320 | D:1      | Reached XP level 2. HP: 20/24 MP: 2/2
  1005 | D:2      | Gained mutation: You sometimes gain a little power by
                  | taking damage. [demonic ancestry]
  1005 | D:2      | Reached XP level 3. HP: 29/29 MP: 3/3
  1056 | D:2      | Reached ** piety under Trog
  1596 | D:2      | Found an ornate altar of the Wu Jian Council.
  1596 | D:2      | Found a burning altar of Makhleb.
  1597 | D:2      | Found an opulent altar of Gozag.
  1988 | D:3      | Reached XP level 4. HP: 34/35 MP: 4/4
  2066 | D:3      | Reached skill level 1 in Shields
  2219 | D:3      | Found a shimmering altar of Xom.
  2666 | D:3      | Found a glowing golden altar of the Shining One.
  2723 | D:4      | Reached *** piety under Trog
  2888 | D:4      | Noticed an ogre
  2898 | D:4      | HP: 1/52 [ogre/+0 giant club (20)]
  2900 | D:4      | Killed an ogre
  2900 | D:4      | Gained mutation: You are immune to rotting. [demonic
                  | ancestry]
  2900 | D:4      | Reached XP level 5. HP: 1/41 MP: 5/5
  2901 | D:4      | Noticed a phantom
  2935 | D:4      | Found the +8 demon blade "Leech" {vamp, rN+ AC-3 EV-3}
  3219 | D:4      | Found a staircase to the Ecumenical Temple.
  3264 | D:4      | Found Eppotawn's Food Boutique.
  3264 | D:4      | Noticed an ogre
  3268 | D:4      | Killed an ogre
  3268 | D:4      | Reached skill level 1 in Long Blades
  3268 | D:4      | Reached XP level 6. HP: 37/48 MP: 6/6
  3876 | Temple   | Entered the Ecumenical Temple
  3889 | D:5      | Entered Level 5 of the Dungeon
  3892 | D:5      | Noticed a sky beast
  3902 | D:5      | Killed a sky beast
  3902 | D:5      | Reached skill level 2 in Long Blades
  3907 | D:5      | Reached XP level 7. HP: 54/54 MP: 7/7
  4085 | D:5      | Noticed Pikel
  4097 | D:5      | Killed Pikel
  4097 | D:5      | Reached skill level 3 in Long Blades
  4097 | D:5      | Gained mutation: You have large cloven feet. [demonic
                  | ancestry]
  4097 | D:5      | Reached XP level 8. HP: 61/61 MP: 8/8
  4347 | D:5      | Identified a scroll of acquirement
  4496 | D:5      | Found Liugin's Antique Armour Shoppe.
  4499 | D:5      | Bought a pair of gloves for 121 gold pieces
  4524 | D:5      | Reached skill level 4 in Long Blades
  4684 | D:5      | Found a white marble altar of Elyvilon.
  4784 | D:6      | Reached skill level 5 in Fighting
  4808 | D:6      | Found a sand-covered staircase.
  4814 | Ossuary  | Entered an ossuary
  4838 | Ossuary  | Reached **** piety under Trog
  5362 | D:6      | Found a burning altar of Makhleb.
  5381 | D:6      | Reached skill level 5 in Long Blades
  5399 | D:6      | Found a glowing silver altar of Zin.
  5583 | D:6      | Reached XP level 9. HP: 66/68 MP: 9/9
  5986 | D:7      | Found a sacrificial altar of Ru.
  5993 | D:7      | Reached skill level 5 in Armour
  6059 | D:7      | Reached ***** piety under Trog
  6112 | D:7      | Found a hide-covered altar of Uskayaw.
  6216 | D:7      | Reached skill level 5 in Dodging
  6330 | D:7      | Noticed a moth of wrath
  6333 | D:7      | Found a bloodstained altar of Trog.
  6561 | D:7      | Found a radiant altar of Vehumet.
  6678 | D:8      | Reached skill level 6 in Long Blades
  6958 | D:8      | Found Oximicw's Jewellery Emporium.
  7022 | D:8      | Found a sparkling altar of Nemelex Xobeh.
  7177 | D:8      | Found an ancient bone altar of Kikubaaqudgha.
  7200 | D:8      | Paralysed by a hornet for 2 turns
  7641 | D:9      | Reached skill level 5 in Shields
  7662 | D:9      | Found a shadowy altar of Dithmenos.
  7677 | D:9      | Noticed a two-headed ogre
  7692 | D:9      | Killed a two-headed ogre
  7692 | D:9      | Reached skill level 7 in Long Blades
  7692 | D:9      | Reached XP level 10. HP: 25/77 MP: 10/10
  7966 | D:9      | Found a stormy altar of Qazlal.
  8434 | D:9      | Noticed a two-headed ogre
  8441 | D:9      | Killed a two-headed ogre
  8486 | D:9      | Reached skill level 8 in Long Blades
  8751 | D:9      | Received a gift from Trog
  9072 | D:9      | Found an iron altar of Okawaru.
  9201 | D:10     | Entered Level 10 of the Dungeon
  9413 | D:10     | Noticed a two-headed ogre
  9430 | D:10     | Killed a two-headed ogre
  9430 | D:10     | Gained mutation: You are mostly covered in iridescent
                  | scales. (AC +4) [demonic ancestry]
  9430 | D:10     | Reached XP level 11. HP: 72/84 MP: 11/11
  9919 | D:10     | Found a staircase to the Orcish Mines.
  9941 | D:10     | Reached skill level 9 in Long Blades
 10659 | D:11     | Found a staircase to the Lair.
 10696 | D:11     | Received a gift from Trog
 11245 | Lair:1   | Entered Level 1 of the Lair of Beasts
 11547 | Lair:1   | Found the +12 Vampire's Tooth {vamp}
 11547 | Lair:1   | Found a transporter.
 11547 | Lair:1   | Found a transporter.
 11555 | Lair:1   | Noticed an eight-headed hydra
 11572 | Lair:1   | Killed a 15-headed hydra
 11592 | Lair:1   | Noticed Kagalorn's ghost (journeyman GnAE)
 11944 | Lair:1   | Reached skill level 10 in Long Blades
 12711 | Lair:2   | Noticed Gastronok
 12751 | Lair:2   | Killed Gastronok
 12751 | Lair:2   | Gained mutation: You have hoof-like feet. [demonic
                  | ancestry]
 12751 | Lair:2   | Reached XP level 12. HP: 94/94 MP: 12/12
 13871 | Lair:3   | Noticed a six-headed hydra
 13893 | Lair:3   | Killed an 11-headed hydra
 13907 | Lair:3   | Reached skill level 11 in Long Blades
 14257 | Lair:3   | Found a staircase to the Swamp.
 14409 | Lair:3   | Noticed Urug
 14427 | Lair:3   | Killed Urug
 14626 | Lair:3   | Noticed a four-headed hydra
 14637 | Lair:3   | Killed a 12-headed hydra
 15040 | Lair:4   | Received a gift from Trog
 15049 | Lair:4   | Found a staircase to the Snake Pit.
 15103 | Lair:4   | Noticed a four-headed hydra
 15112 | Lair:4   | Killed an eight-headed hydra
 15112 | Lair:4   | Gained mutation: You may emit foul miasma when damaged in
                  | melee. [demonic ancestry]
 15112 | Lair:4   | Reached XP level 13. HP: 102/102 MP: 13/13
 16332 | Lair:5   | Found a staircase to the Slime Pits.
 17139 | Lair:6   | Entered Level 6 of the Lair of Beasts
 17184 | Lair:5   | Reached skill level 10 in Fighting
 17375 | Lair:6   | Reached skill level 12 in Long Blades
 17700 | Lair:6   | Received a gift from Trog
 18019 | Lair:6   | Got a jewelled helmet
 18031 | Lair:6   | Identified the cursed +0 helmet of the Komtur {Int+5} (You
                  | found it on level 6 of the Lair of Beasts)
 19049 | D:12     | Reached XP level 14. HP: 111/111 MP: 14/14
 19843 | D:13     | Found Leg Seu's Antique Weapon Shoppe.
 19888 | D:13     | Noticed an entropy weaver
 19888 | D:13     | Noticed an entropy weaver
 20003 | D:13     | Killed an entropy weaver
 20003 | D:13     | Received a gift from Trog
 20140 | D:13     | Killed an entropy weaver
 20140 | D:13     | Reached skill level 13 in Long Blades
 20476 | D:13     | Found Xiah's Antique Armour Boutique.
 20488 | D:13     | Noticed Kirke
 20531 | D:13     | Killed Kirke
 20531 | D:13     | Reached skill level 10 in Armour
 20531 | D:13     | Reached skill level 10 in Dodging
 20710 | D:13     | Found Vaudyc's Gadget Boutique.
 20943 | D:13     | Found a gate to the Vaults.
 21509 | D:14     | Reached skill level 10 in Shields
 21599 | D:14     | Received a gift from Trog
 21618 | D:14     | Reached skill level 1 in Slings
 21826 | D:14     | Found a blossoming altar of Fedhas.
 21891 | D:14     | Noticed Agnes
 21914 | D:14     | Killed Agnes
 22202 | D:15     | Entered Level 15 of the Dungeon
 22270 | D:15     | Reached XP level 15. HP: 112/119 MP: 15/15
 22807 | D:15     | Found a staircase to the Depths.
 22820 | D:15     | Reached skill level 14 in Long Blades
 23079 | Orc:1    | Entered Level 1 of the Orcish Mines
 23180 | Orc:1    | Received a gift from Trog
 23355 | Orc:2    | Entered Level 2 of the Orcish Mines
 23355 | Orc:2    | Noticed Azrael
 23622 | Orc:2    | Killed Azrael
 24265 | Orc:2    | Found Begopt's Magic Scroll Boutique.
 24278 | Orc:2    | Bought a scroll of blinking for 120 gold pieces
 24282 | Orc:2    | Found Ruaw's Food Shoppe.
 24283 | Orc:2    | Found a staircase to the Elven Halls.
 24584 | Orc:2    | Paralysed by an orc sorcerer for 5 turns
 24615 | Orc:2    | Killed from afar by an orc high priest

Levels and vault maps discovered:
D:1:      lemuel_arrival_behind_the_door_small, layout_basic
D:2:      layout_rooms, gammafunk_temple_overflow_claw
D:3:      layout_loops_ring, lemuel_crystal_altar,
          nicolae_tso_swordbearing_angel
D:4:      layout_basic, minmay_temple_entry_wispy, serial_shops, shop
D:5:      layout_basic, serial_shops, kennysheep_mini, first_ration,
          st_stairs_9, elyvilon_altar_5, uniq_pikel
D:6:      lemuel_ratsnest, layout_loops_ring, lemuel_crystal_altar,
          nicolae_ossuary_entry_plus, makhleb_heckhound_becter
D:7:      layout_loops_ring, vehumet_crystals, lemuel_crystal_altar, tgw_trog,
          nicolae_ru_awakened_eye
D:8:      layout_basic, nicolae_overflow_crystal_walls, old_standard_altar,
          serial_shops, nicolae_shop_window_shopping
D:9:      layout_irregular_city, grunt_dithmenos_smoke_and_mirrors,
          okawaru_humans, marbit_many_paths, hangedman_fish_farm
D:10:     cheibrodos_helix_gallery, layout_grid_maze, minmay_misc_feat_columns,
          minivault_27
D:11:     layout_small_grid, grunt_lair_entry_orc_guard_hut
D:12:     layout_roguey, grunt_ministairs_14
D:13:     layout_roguey, david_vaults_4, serial_shops, shop, shop, shop,
          minmay_another_anthill, uniq_kirke
D:14:     wander_river, layout_irregular_city, fedhas_altar_4, uniq_agnes
D:15:     grunt_enter_depths_snipers, layout_rooms, serial_bayou_pond_a,
          drop_trap
Temple:   corrupted_temple
Lair:1:   layout_regular_city, gammafunk_ghost_hive, wad_woods_road_06,
          grunt_megastairs_2, infiniplex_staircase_pool
Lair:2:   layout_cave_pods, serial_bayou_pond_e, wad_woods_02, uniq_gastronok
Lair:3:   cheibrodos_lair_river_kwai, layout_long_grid,
          skrybe_swamp_entry_bodies, uniq_urug
Lair:4:   layout_cave_pods, minmay_snake_entry_guardpost_medium,
          serial_bayou_crossing, lemuel_fruit_fields, grunt_megastairs_1,
          serial_bayou_shore_b
Lair:5:   layout_small_grid, dpeg_slime_entry_corner, minmay_lair_oklob_chamber
Lair:6:   minmay_lair_end_frog_pond, layout_regular_city, grunt_megastairs_3
Orc:1:    layout_diamond_mine
Orc:2:    grunt_orc_tribal_feast, layout_caves, serial_shops, bzr_entry_dummy,
          nicolae_shop_overgrown_old_shop, shop, nicolae_shop_statue_plus, shop,
          statue_in_the_mist_lemuel, uniq_azrael

Skill      XL: |  1  2  3  4  5  6  7  8  9 10 11 12 13 14 15 |
---------------+----------------------------------------------+-----
Polearms       | 3 |  3.9
Armour         | 2 3 4 5 6 7 8 9 10 | 10.7
Dodging        | 2 3 4 5 6 7 8 9 10 | 10.8
Shields        | 1 2 3 4 5 6 7 8 9 10 | 10.4
Long Blades    | 1 2 3 5 7 8 10 11 12 13 14 | 14.0
Fighting       | 4 5 6 7 8 9 10 11 12 | 12.2
Slings         | 1 3 |  3.2

Action                   |  1- 3 |  4- 6 |  7- 9 | 10-12 | 13-15 || total
-------------------------+-------+-------+-------+-------+-------++-------
Melee: Spear             |   181 |    97 |       |       |       ||   278
       Demon blade       |       |    39 |   321 |   616 |  1361 ||  2337
       Kick              |       |       |    79 |   145 |       ||   224
       Demon whip        |       |       |       |       |    18 ||    18
 Fire: Hunting sling     |       |       |    54 |    77 |       ||   131
       Fustibalus        |       |       |       |   130 |   246 ||   376
Invok: Berserk           |       |     2 |     1 |     6 |     3 ||    12
       Trog's Hand       |       |       |       |     2 |     7 ||     9
  Use: Scroll            |     8 |     3 |    14 |     4 |     9 ||    38
       Potion            |       |       |     1 |       |       ||     1
 Stab: Sleeping          |     1 |       |       |       |       ||     1
  Eat: Chunk             |     3 |     9 |    16 |    26 |    34 ||    88
       Ration            |       |       |       |     1 |     1 ||     2
Armor: Animal skin       |     9 |       |       |       |       ||     9
       Scale mail        |    51 |    39 |       |       |       ||    90
       Chain mail        |       |     9 |   139 |   300 |   168 ||   616
       Plate armour      |       |       |       |       |   383 ||   383
Dodge: Dodged            |    50 |    30 |    53 |   132 |   238 ||   503
Block: Shield            |    33 |    42 |   144 |    15 |       ||   234
       Large shield      |       |       |       |   534 |  1095 ||  1629
       Rpst.: Demon blade |       |       |    18 |    24 |    52 ||    94

Table legend:
 A = Non-vault XP
 B = Vault XP
 C = Vault XP percentage of total XP
 D = Non-vault monster count
 E = Vault monster count
 F = Vault count percentage of total count
                 A         B        C        D         E       F
            +---------+---------+-------+---------+---------+-------
      Total |   81619 |   45977 |  36.0 |     493 |     212 |  30.1
            +---------+---------+-------+---------+---------+-------
        D:1 |      37 |       0 |   0.0 |      21 |       0 |   0.0
        D:2 |      46 |       0 |   0.0 |      22 |       0 |   0.0
        D:3 |      56 |       0 |   0.0 |      22 |       0 |   0.0
        D:4 |     437 |       0 |   0.0 |      12 |       0 |   0.0
        D:5 |     499 |     586 |  54.0 |      12 |       1 |   7.7
        D:6 |     781 |     261 |  25.0 |      17 |      32 |  65.3
        D:7 |     755 |      13 |   1.7 |      14 |       5 |  26.3
        D:8 |    1181 |       0 |   0.0 |      21 |       0 |   0.0
        D:9 |    4726 |     707 |  13.0 |      31 |       4 |  11.4
       D:10 |    3006 |     322 |   9.7 |      31 |       1 |   3.1
       D:11 |    1825 |     830 |  31.3 |      25 |       6 |  19.4
       D:12 |    4883 |     403 |   7.6 |      28 |       2 |   6.7
       D:13 |    5562 |   11143 |  66.7 |      17 |      38 |  69.1
       D:14 |   11628 |    2148 |  15.6 |      41 |       1 |   2.4
       D:15 |   14036 |    2353 |  14.4 |      37 |       3 |   7.5
     Lair:1 |    4015 |     225 |   5.3 |      17 |       2 |  10.5
     Lair:2 |     578 |    3286 |  85.0 |       4 |       5 |  55.6
     Lair:3 |    6803 |    3468 |  33.8 |      18 |       8 |  30.8
     Lair:4 |    5028 |    1097 |  17.9 |      21 |       5 |  19.2
     Lair:5 |    6075 |    1456 |  19.3 |      20 |       4 |  16.7
     Lair:6 |    4247 |   11095 |  72.3 |      12 |      43 |  78.2
      Orc:1 |    2549 |     853 |  25.1 |      25 |       5 |  16.7
      Orc:2 |    2866 |    5479 |  65.7 |      25 |      20 |  44.4
    Ossuary |       0 |     252 | 100.0 |       0 |      27 | 100.0
            +---------+---------+-------+---------+---------+-------
